Map: Amphion LE

Players

Oliveira - Winner!

  • Race: Terran Terran
  • Spawn Location: 7:00

Lambo

  • Race: Zerg Zerg
  • Spawn Location: 11:00

Event: Bellum Gens Elite Stara Zagora 2024

VOD

Have the link to the VOD?

Description

Time

  • Played on: Sept. 8, 2024, 7:13 a.m.
  • Length: 12:01

All games in this series

Show
View Real Time Build Order
Export as new Build Order

Oliveira Terran - Winner!

Build Orders: Reaper Expand 

Get SALT Encoding   

  12  0:00  SCV  
  13  0:12  SCV  
  14  0:18  Supply Depot  
  14  0:25  SCV  
  15  0:39  SCV  
  15  0:40  Barracks  
  16  0:45  Refinery  
  16  0:51  SCV  
  17  1:03  SCV  
  18  1:16  SCV  
  19  1:28  Orbital Command, Reaper  
  20  1:41  Command Center  
  20  1:48  Supply Depot  
  20  1:54  SCV  
  20  2:00  Marine  
  22  2:06  SCV  
  23  2:12  Factory  
  23  2:18  SCV  
  23  2:20  Refinery  
  23  2:22  Barracks Reactor  
  24  2:30  SCV  
  25  2:43  SCV  
  25  2:53  Orbital Command  
  25  2:55  SCV  
  25  2:57  Starport  
  26  3:03  Hellion x2  
  26  3:04  Marine  
  31  3:07  SCV  
  32  3:19  SCV x2  
  34  3:22  Supply Depot  
  34  3:23  Barracks Tech Lab  
  34  3:24  Hellion  
  34  3:25  Hellion  
  38  3:32  SCV x2  
  40  3:37  Viking  
  42  3:44  SCV x2  
  42  3:45  Supply Depot  
  44  3:50  Barracks  
  44  3:55  Barracks, Factory Reactor  
  44  3:56  SCV  
  44  3:58  SCV  
  44  4:01  Stimpack  
  44  4:02  Marine  
  47  4:07  Starport Reactor  
  47  4:08  SCV  
  48  4:10  SCV  
  48  4:13  Engineering Bay  
  49  4:20  SCV, Marine  
  49  4:21  Supply Depot  
  49  4:22  SCV  
  52  4:26  Refinery  
  52  4:32  SCV  
  52  4:35  SCV  
  52  4:37  Marine x2  
  52  4:38  Marine  
  56  4:42  Factory Tech Lab  
  56  4:43  Supply Depot  
  56  4:44  Refinery  
  57  4:46  SCV  
  57  4:47  SCV  
  57  4:49  Medivac  
  57  4:50  Medivac  
  57  4:52  Marine  
  64  4:53  Marine  
  64  4:55  Marine  
  64  4:56  Marine  
  64  4:58  Terran Infantry Weapons Level 1  
  64  4:59  Marine  
  68  5:03  Supply Depot  
  68  5:07  SCV x2  
  70  5:09  Marine  
  70  5:11  Marine  
  70  5:13  Marine  
  73  5:16  Siege Tank  
  73  5:18  Marine  
  73  5:19  SCV  
  78  5:24  Marine  
  78  5:26  Supply Depot x2  
  79  5:30  Medivac x2  
  79  5:31  Marine  
  79  5:33  Marine  
  79  5:34  Marine  
  86  5:40  Combat Shield  
  86  5:47  Marine x2  
  86  5:49  Marine  
  88  5:52  Marine x2  
  88  5:53  Siege Tank  
  85  6:05  Liberator, Marine x2  
  85  6:07  Marine  
  85  6:10  Marine x2  
  78  6:20  Liberator  
  78  6:22  Command Center  
  78  6:23  SCV x2, Marine x2  
  85  6:25  Supply Depot  
  85  6:26  Marine  
  86  6:35  SCV x2, Barracks  
  86  6:37  Barracks  
  88  6:41  Siege Tank  
  91  6:47  SCV  
  91  6:48  SCV  
  93  6:59  Marine  
  93  7:00  SCV x2  
  93  7:04  Marine  
  93  7:05  Liberator x2  
  100  7:12  SCV x2  
  100  7:14  Terran Infantry Armor Level 1  
  100  7:15  Armory  
  102  7:16  Engineering Bay  
  102  7:19  Marine  
  106  7:22  Siege Tank  
  106  7:24  SCV  
  106  7:25  SCV  
  106  7:27  Barracks Tech Lab x2  
  108  7:36  Barracks  
  108  7:37  Barracks  
  105  7:38  Barracks  
  105  7:43  SCV  
  105  7:46  SCV  
  106  7:56  Marauder  
  106  7:57  Marauder  
  110  7:59  Siege Tank  
  110  8:00  SCV  
  110  8:03  Terran Infantry Weapons Level 2  
  111  8:05  SCV  
  111  8:07  Marauder  
  111  8:10  Concussive Shells  
  113  8:13  SCV  
  113  8:14  Orbital Command  
  113  8:18  Marine  
  117  8:21  Marine  
  117  8:22  Marine  
  117  8:24  SCV  
  120  8:27  Barracks Tech Lab, Barracks Reactor  
  120  8:28  Barracks Reactor  
  120  8:30  Supply Depot x2  
  120  8:33  Marauder x3  
  124  8:40  Supply Depot  
  124  8:41  Supply Depot  
  124  8:46  Marine  
  124  8:48  Supply Depot  
  125  8:51  Marine  
  125  8:52  Supply Depot, Siege Tank  
  125  8:53  Supply Depot, Marauder  
  130  8:56  Medivac x2  
  130  8:57  Marauder  
  130  9:00  Marauder x2  
  140  9:02  Refinery  
  140  9:05  Marine x3  
  140  9:09  Marine x4  
  147  9:17  Marine, Marauder  
  147  9:18  Marine  
  147  9:19  Terran Infantry Armor Level 2  
  147  9:22  Missile Turret  
  147  9:24  Siege Tank  
  152  9:25  Marauder x2  
  152  9:26  Marine x2  
  152  9:27  Marine  
  152  9:28  Marine  
  152  9:29  Marine  
  158  9:31  Marine  
  158  9:38  Marauder x2  
  163  9:42  Marine  
  164  9:46  Marauder x2  
  164  9:48  Medivac x2  
  164  9:51  Supply Depot  
  172  9:59  Marine  
  173  10:00  Marine x2, Marauder  
  173  10:04  Marine  
  173  10:06  Siege Tank  
  181  10:08  Marine  
  181  10:13  Marine, Marauder  
  184  10:15  Marine x2  
  184  10:16  Marauder  
  184  10:17  Supply Depot x2  
  188  10:23  Marine x2  
  188  10:24  Marauder  
  188  10:26  Marine  
  193  10:29  Marine x2, Marauder  
  193  10:34  Medivac  
  196  10:38  Medivac  
  191  10:51  Marine x3, Marauder x2  
  197  10:59  Marine x2  
  197  11:00  Marauder  
  189  11:08  Marine x2, Marauder  
  189  11:10  Siege Tank, Liberator  
  193  11:13  Marine x2  
  193  11:14  Marauder  
  193  11:17  Marine  
  193  11:18  Marauder  
  196  11:29  Marine x2  
  196  11:30  Marauder x2  
  164  11:34  Marine  
  164  11:35  Marauder  
  164  11:39  Marine  
Show
View Real Time Build Order
Export as new Build Order

Lambo Zerg 

Build Orders: Hatch First 

Get SALT Encoding   

  12  0:00  Drone  
  13  0:13  Overlord  
  13  0:17  Drone  
  14  0:31  Drone x2  
  16  0:49  Hatchery  
  15  0:53  Drone  
  15  0:56  Drone  
  17  1:00  Drone  
  18  1:10  Extractor  
  17  1:15  Spawning Pool  
  16  1:19  Drone  
  16  1:23  Drone  
  18  1:28  Drone  
  19  1:39  Drone  
  20  1:49  Drone  
  21  2:02  Queen x2  
  21  2:03  Zergling x4  
  27  2:14  Overlord  
  27  2:15  Drone  
  28  2:25  Spore Crawler  
  28  2:32  Hatchery  
  28  2:33  Drone x2  
  28  2:36  Drone  
  29  2:38  Spore Crawler  
  29  2:43  Spore Crawler  
  27  2:46  Drone  
  30  2:51  Queen  
  30  2:56  Overlord  
  30  2:57  Metabolic Boost  
  32  3:00  Drone  
  32  3:03  Drone  
  34  3:06  Drone  
  35  3:15  Drone x4  
  35  3:19  Drone x2  
  41  3:20  Drone  
  42  3:27  Queen, Extractor  
  42  3:32  Overlord  
  42  3:34  Overlord  
  44  3:43  Queen  
  44  3:44  Queen  
  44  3:47  Drone  
  49  3:50  Drone  
  49  3:51  Overlord  
  49  3:54  Drone x2  
  52  3:56  Zergling x2  
  52  3:58  Zergling x2  
  52  4:00  Drone  
  52  4:01  Drone  
  56  4:03  Drone  
  56  4:05  Drone  
  56  4:08  Drone x2  
  60  4:13  Queen  
  62  4:19  Zergling x4  
  62  4:20  Drone x3  
  62  4:23  Overlord  
  67  4:24  Overlord  
  67  4:32  Overlord  
  67  4:34  Overlord  
  67  4:35  Overlord  
  67  4:39  Overlord  
  67  4:40  Queen  
  67  4:41  Drone  
  67  4:42  Drone  
  67  4:44  Spore Crawler  
  70  4:50  Zergling x2  
  70  4:51  Drone x3  
  74  4:53  Lair  
  74  4:55  Drone  
  74  4:56  Extractor  
  74  5:00  Drone x2  
  74  5:01  Roach Warren  
  74  5:02  Extractor  
  74  5:04  Drone, Evolution Chamber  
  74  5:05  Drone, Extractor  
  74  5:07  Drone  
  74  5:08  Drone  
  74  5:09  Drone  
  74  5:12  Drone x2  
  74  5:13  Drone  
  80  5:17  Drone  
  80  5:19  Extractor  
  80  5:21  Extractor  
  79  5:23  Drone x2  
  79  5:24  Overlord  
  80  5:31  Zerg Ground Armor Level 1  
  80  5:32  Overlord  
  80  5:37  Zergling x4  
  80  5:41  Queen  
  84  5:43  Roach x6  
  84  5:48  Roach x2  
  100  5:54  Evolution Chamber  
  96  6:06  Drone x8  
  104  6:16  Overlord  
  104  6:23  Overlord  
  104  6:25  Glial Reconstitution  
  104  6:27  Evolution Chamber  
  104  6:30  Overlord  
  104  6:32  Overlord  
  103  6:35  Overseer  
  103  6:38  Hatchery  
  103  6:39  Drone  
  105  6:40  Drone x2  
  105  6:41  Overlord x2  
  105  6:43  Roach  
  105  6:44  Roach  
  109  6:48  Roach x2  
  109  6:54  Roach x4  
  118  7:00  Roach x3  
  116  7:02  Zerg Missile Weapons Level 1  
  116  7:05  Infestation Pit  
  116  7:06  Roach  
  116  7:08  Drone  
  118  7:09  Drone  
  118  7:10  Spore Crawler  
  118  7:12  Spore Crawler  
  118  7:14  Roach x2  
  121  7:18  Roach x2  
  125  7:24  Roach x4  
  133  7:30  Overlord  
  133  7:31  Overlord  
  133  7:32  Drone, Overlord  
  132  7:37  Roach x3  
  136  7:45  Overlord, Ravager  
  136  7:46  Overlord  
  136  7:48  Overlord  
  136  7:50  Overlord  
  137  7:57  Hatchery  
  137  7:58  Ravager x3  
  135  8:00  Drone x4  
  135  8:03  Roach x5  
  148  8:07  Roach x2  
  148  8:11  Roach  
  154  8:27  Drone  
  154  8:28  Hive  
  154  8:31  Ravager x2  
  154  8:32  Baneling Nest  
  154  8:33  Hatchery  
  159  8:34  Roach x2  
  159  8:35  Ravager x2  
  159  8:37  Infestor  
  163  8:42  Ravager x3  
  163  8:44  Roach x2  
  163  8:46  Ravager  
  171  8:49  Roach x3  
  171  8:53  Roach x2  
  181  8:57  Zerg Ground Armor Level 2  
  181  9:07  Zergling x10  
  186  9:10  Zerg Melee Weapons Level 1  
  186  9:21  Overlord  
  186  9:22  Overlord  
  186  9:36  Overlord  
  186  9:44  Drone x14  
  200  9:46  Hatchery  
  200  9:48  Drone  
  200  9:50  Spore Crawler  
  200  9:51  Adrenal Glands  
  200  9:52  Ultralisk Cavern, Overlord  
  198  9:59  Spore Crawler  
  192  10:01  Ultralisk Cavern, Viper  
  193  10:09  Baneling Nest  
  191  10:23  Spore Crawler  
  191  10:25  Spore Crawler, Drone x3  
  191  10:27  Extractor  
  191  10:32  Drone x3  
  193  10:38  Ravager  
  193  10:42  Zergling x10  
  199  10:48  Zergling x4  
  198  10:54  Baneling x4  
  198  10:56  Ravager  
  199  11:00  Zergling x16  
  190  11:06  Zergling x30  
  190  11:10  Zergling x2  
  187  11:12  Zergling x2  
  187  11:18  Ultralisk x2  
  171  11:38  Zergling x12  
Tags
 
Add a new tag
Caveats
  • Supply blocks, unpowered buildings, or Contaminate may cause inaccurate times.
  • Supply counts are checked every 10 seconds.